 Dungeon Crawl Stone Soup version 0.21-a0-270-g8204059 (webtiles) character file.

41 GordonOverkill the Skirmisher (level 3, 0/30 HPs)
             Began as a Gnoll Wanderer on Sept 13, 2017.
             Succumbed to an adder's poison
             ... on level 2 of the Dungeon on Sept 14, 2017.
             The game lasted 00:07:34 (2490 turns).

GordonOverkill the Skirmisher (Gnoll Wanderer)      Turns: 2490, Time: 00:07:35

Health: 0/30       AC:  5    Str:  7    XL:     3   Next: 52%
Magic:  6/7        EV:  9    Int:  7    God:
Gold:   28         SH:  0    Dex:  7    Spells: 4/8 levels left

rFire    . . .     SeeInvis +   c - +0 spear
rCold    . . .     Gourm    .   (no shield)
rNeg     . . .     Faith    .   p - +0 ring mail
rPois    .         Spirit   .   (no helmet)
rElec    .         Reflect  .   (no cloak)
rCorr    .         Harm     .   (no gloves)
MR       .....                  (no boots)
Stlth    +.........             (no amulet)
HPRegen  0.10/turn              n - ring of see invisible
MPRegen  0.10/turn              (no ring)

@: mighty, lethally poisoned (0 -> -7), very slightly contaminated, invisible
A: unchanging attributes, fangs 1, strong nose
a: no special abilities


You were on level 2 of the Dungeon.
You were hungry.

You visited 1 branch of the dungeon, and saw 2 of its levels.

You collected 28 gold pieces.

Inventory:

Hand Weapons
 c - a +0 spear (weapon)
Armour
 p - a +0 ring mail (worn)
Jewellery
 n - a ring of see invisible (left hand)
Scrolls
 g - a scroll of enchant armour {unknown}
 j - a scroll of amnesia {unknown}
 k - a scroll of noise {unknown}
Potions
 b - a potion of lignification
 m - a potion of mutation {unknown}
 o - a potion of flight {unknown}
Books
 a - a Young Poisoner's Handbook

   Spells                             Type                      Level
   a - Sting                          Conjuration/Poison           1
   b - Poisonous Vapours              Poison/Air                   2
   c - Mephitic Cloud                 Conjuration/Poison/Air       3
   d - Olgreb's Toxic Radiance        Poison                       4
   e - Venom Bolt                     Conjuration/Poison           5
Comestibles
 f - 3 bread rations
 i - a meat ration


   Skills:
 + Level 3.6 Fighting
 + Level 2.6 Polearms
 + Level 1.5 Dodging
 - Level 1.2 Stealth
   Level 1.3 Shields
 - Level 3.0 Spellcasting
 + Level 0.3 Conjurations
   Level 2.6 Necromancy
 - Level 1.0 Air Magic
 - Level 1.3 Poison Magic


You had 4 spell levels left.
You knew the following spells:

 Your Spells              Type           Power        Failure   Level  Hunger
a - Sting                 Conj/Pois      #...         65%         1    ##.....
b - Mephitic Cloud        Conj/Pois/Air  #.......     95%         3    ####...


Dungeon Overview and Level Annotations

Branches:
Dungeon (2/15)

Altars:
Qazlal


Innate Abilities, Weirdness & Mutations

Your physical attributes are unchanging.
You have very sharp teeth.
Your uncanny sense of smell can sniff out nearby items.


Message History

* * * LOW HITPOINT WARNING * * *
You feel sick. The adder bites you.
* * * LOW HITPOINT WARNING * * *
The adder bites you.
* * * LOW HITPOINT WARNING * * *
Casting: Sting
Confirm with . or Enter, or press ? or * to list all spells.
Aiming: Sting
Press: ? - help, Shift-Dir - straight line, f/p - adder
Aim: an adder (severely wounded)
You miscast Sting.
You are very lightly contaminated with residual magic.
You feel a strange surge of energy! The adder closely misses you.
It was a potion of might.
You feel very mighty all of a sudden.
* * * LOW HITPOINT WARNING * * *
You feel sick. The adder bites you but does no damage.
It was a potion of invisibility.
You fade into invisibility!
You die...

### ..# #
#.####### #.
#.S).....
#######.###@#
#.....#.....#
#.###.###.###
#.# #.....#
#.###.#####
#.....#
###.### #.#
#.###


You could see an adder.

Vanquished Creatures
  A dart slug (D:1)
  An orc (D:2)
  2 giant cockroaches (D:1)
  3 goblins
  6 hobgoblins (D:1)
  2 ball pythons (D:1)
  7 bats
  5 frilled lizards (D:1)
  7 kobolds
  3 rats
37 creatures vanquished.

Notes
Turn   | Place    | Note
-------+----------+-------------------------------------------
     0 | D:1      | GordonOverkill the Gnoll Wanderer began the quest for the Orb.
     0 | D:1      | GordonOverkill set off with: a Young Poisoner's Handbook, a potion of lignification, a +0 spear, a +0 robe, a bread ration
     0 | D:1      | Reached XP level 1. HP: 17/17 MP: 4/4
     2 | D:1      | Learned a level 1 spell: Sting
   166 | D:1      | Reached XP level 2. HP: 7/24 MP: 1/6
   170 | D:1      | Reached skill level 1 in Dodging
   376 | D:1      | Upgraded the game from 0.21-a0-267-ga5fc350 to 0.21-a0-270-g8204059
   998 | D:1      | Reached XP level 3. HP: 28/29 MP: 4/7
  1131 | D:1      | Learned a level 3 spell: Mephitic Cloud
  1594 | D:2      | Reached skill level 1 in Air Magic
  1890 | D:2      | Found a stormy altar of Qazlal.
  1892 | D:2      | Noticed a water elemental
  1893 | D:2      | Noticed an earth elemental
  1893 | D:2      | Noticed a fire elemental
  1893 | D:2      | Noticed an air elemental
  2489 | D:2      | HP: 1/30 [poisoned by an adder]
  2490 | D:2      | Succumbed to an adder's poison

Vault maps used:
D:1:      dpeg_arrival_windows_large_door
D:2:      nicolae_qazlal_style_of_elements

Skill      XL: |  1  2  3 |
---------------+----------+-----
Fighting       | 3 |  3.6
Polearms       | 2 |  2.6
Dodging        | 1 |  1.5
Air Magic      | 1 |  1.0
Stealth        | |  1.2
Shields        | |  1.3
Spellcasting   | |  3.0
Conjurations   | |  0.3
Necromancy     | |  2.6
Poison Magic   | |  1.3

Action                   || total
-------------------------++-------
Melee: Spear             ||   103
       Bite              ||     1
 Cast: Sting             ||    73
  Use: Potion            ||     2
 Stab: Sleeping          ||     1
  Eat: Chunk             ||     7
Armor: Robe              ||    19
       Ring mail         ||     7
Dodge: Dodged            ||    83

Table legend:
 A = Spawn XP
 B = Non-spawn XP
 C = Spawn XP percentage of total XP
 D = Spawn monster count
 E = Non-spawn monster count
 F = Spawn count percentage of total count
 G = Total turns spent on level
                    A         B        C        D         E        F      G
               +---------+---------+-------+---------+---------+-------+---------
         Total |       0 |      59 |   0.0 |       0 |      37 |   0.0 |  2490
               +---------+---------+-------+---------+---------+-------+---------
           D:1 |       0 |      47 |   0.0 |       0 |      30 |   0.0 |  2144
           D:2 |       0 |      12 |   0.0 |       0 |       7 |   0.0 |   346
               +---------+---------+-------+---------+---------+-------+---------
